 Dungeon Crawl Stone Soup version 0.29-a0-473-gacb4ef3bc5 (webtiles) character file.

Game seed: 3033866589144531127

58 Lekart the Skirmisher (level 3, -1/33 HPs)
             Began as a Draconian Chaos Knight on May 23, 2022.
             Was a Plaything of Xom.
             Slain by Robin
             ... wielding a +0 club
              (2 damage)
             ... on level 2 of the Dungeon.
             The game lasted 00:01:48 (962 turns).

Lekart the Skirmisher (Draconian Chaos Knight)       Turns: 962, Time: 00:01:49

Health: -1/33      AC:  5    Str: 14    XL:     3   Next: 76%
Magic:  3/3        EV: 12    Int: 12    God:    Xom [.....*]
Gold:   150        SH:  0    Dex: 12    Spells: 2/2 levels left

rFire   . . .      SeeInvis .   a - +0 falchion (chaos)
rCold   . . .      Faith    .   (no shield)
rNeg    . . .      Spirit   .   (body armour unavailable)
rPois   .          Reflect  .   (helmet restricted)
rElec   .          Harm     .   (no cloak)
rCorr   .          Rampage  .   (no gloves)
Will    .....                   (no boots)
Stlth   +.........              (no amulet)
HPRegen 0.11/turn               (no ring)
MPRegen 0.08/turn               (no ring)

@: no status effects
A: AC +5, unfitting armour, cold-blooded
a: Renounce Religion


You were on level 2 of the Dungeon.
You worshipped Xom.
You were Xom's teddy bear.
You visited 1 branch of the dungeon, and saw 2 of its levels.

You collected 150 gold pieces.

Inventory:

Hand Weapons
 a - a +0 falchion of chaos (weapon)
Missiles
 c - 4 atropa-tipped darts
Potions
 d - a potion of cancellation
Miscellaneous
 b - a piece from Xom's chessboard (7/15) (quivered)


   Skills:
 + Level 4.1 Fighting
 + Level 3.8 Long Blades
 + Level 2.6 Dodging
 + Level 0.1 Evocations


You had 2 spell levels left.
You didn't know any spells.
Your spell library contained the following spells:

 Spells                   Type           Power      Damage    Failure   Level
 Ensorcelled Hibernation  Hex/Ice        0%         N/A       45%         2
 Passwall                 Tmut/Erth      0%         N/A       45%         2
 Static Discharge         Conj/Air       0%         N/A       45%         2
 Swiftness                Air            0%         N/A       69%         3
 Lightning Bolt           Conj/Air       0%         1d11      100%        5
 Maxwell's Capacitive Co  Air            0%         ∞         100%        8


Dungeon Overview and Level Annotations

Branches:
Dungeon (2/15)

Altars:
Makhleb

Annotations:
D:2 Robin


Innate Abilities, Weirdness & Mutations

Your plain brown scales are hard. (AC +5)
You cannot fit into any form of body armour.
You are cold-blooded and may be slowed by cold attacks.


Message History

The goblin is engulfed in poison gas.
The goblin is poisoned.
You kill the goblin!
You hit the goblin.
You kill the goblin!
The goblin unwields a +0 hunting sling.
The goblin wields a +0 club.
The goblin barely misses you.
You barely miss the goblin.
The goblin is moderately wounded.
You slash the goblin! You burn the goblin.
You kill the goblin!
You barely miss Robin.
Robin roars a battlecry!
You hit Robin.
Robin is moderately wounded.
The hobgoblin no longer looks unusually strong.
Robin throws the goblin at you!
* * * LOW HITPOINT WARNING * * *
The goblin is engulfed in poison gas.
The goblin is poisoned.
You kill the goblin!
You closely miss Robin.
Robin is moderately wounded.
Robin roars a battlecry!
The hobgoblin goes into a battle-frenzy!
You barely miss Robin.
Robin is moderately wounded.
Robin hits you but does no damage.
You hit Robin but do no damage.
Robin is moderately wounded.
Robin hits you with a +0 club.
* * * LOW HITPOINT WARNING * * *
The hobgoblin hits you but does no damage.
Okay, then.
You aren't carrying any scrolls.
Robin hits you but does no damage. The hobgoblin hits you.
* * * LOW HITPOINT WARNING * * *
The frilled lizard misses you. The hobgoblin attacks as you move away!
The hobgoblin hits you but does no damage.
Robin attacks as you move away! Robin hits you with a +0 club.
You die...

...........#
##°####.#### #.#
#.# #☼# #.#
#.####.##
#.°.....##
###☼)####..#
#.☼g.# ##.##
...#.#@g#####..#
.......°l.).)..g#
....#○○#..†..#.l#
.. #°°#°..☼.#..#
##☼##○..##g## #.
#.☼.#.g# ##
##○##.g# #[#g..#
###g..#


You could see Robin, a hobgoblin (strong) and a frilled lizard.

Vanquished Creatures
  2 adders (D:2)
  A dart slug (D:1)
  2 bats
  An endoplasm (D:2)
  2 giant cockroaches
  4 hobgoblins
  4 jackals (D:2)
  A kobold (D:1)
  A quokka (D:1)
  2 frilled lizards (D:2)
  11 goblins (D:2)
31 creatures vanquished.

Vanquished Creatures (collateral kills)
  A quokka (D:1)
1 creature vanquished.

Vanquished Creatures (others)
  4 toadstools (D:1)
4 creatures vanquished.

Grand Total: 36 creatures vanquished

Notes
Turn   | Place    | Note
-------+----------+-------------------------------------------
     0 | D:1      | Lekart the Draconian Chaos Knight began the quest for the
                  | Orb.
     0 | D:1      | Reached XP level 1. HP: 19/19 MP: 1/1
   153 | D:1      | XOM: butterfly on damage
   157 | D:1      | Reached XP level 2. HP: 17/26 MP: 2/2
   458 | D:1      | XOM: silly message
   528 | D:1      | XOM: divination: detect creatures
   532 | D:1      | XOM: silly message
   681 | D:2      | Found a burning altar of Makhleb.
   736 | D:2      | Reached XP level 3. HP: 24/33 MP: 3/3
   837 | D:2      | Reached skill level 4 in Fighting
   915 | D:2      | Noticed Robin
   961 | D:2      | HP: 1/33 [hobgoblin[Robin] (3)]
   962 | D:2      | Slain by Robin

Illustrated notes

Levels and vault maps discovered:
D:1:      lightli_arrival_statue_moat, layout_basic, minmay_gold_behind_fungi
D:2:      layout_loops_ring, basic_altar, basic_ecumenical_altar,
          minmay_unequal, uniq_robin

Skill      XL: |  1  2  3 |
---------------+----------+-----
Fighting       | 4 |  4.1
Long Blades    | |  3.8
Dodging        | |  2.6
Evocations     | |  0.1

Action                   || total
-------------------------++-------
Melee: Falchion          ||    84
       Tailslap          ||     6
Evoke: Piece from Xom's  ||    10
  Use: Scroll            ||     2
       Potion            ||     1
 Stab: Paralysed         ||     4
Armor: Skin              ||    47
Dodge: Dodged            ||    87

Table legend: (Time is in decaauts)
 A = Elapsed time spent in this place.
 B = Non-inter-level travel time spent in this place.
 C = Inter-level travel time spent in this place.
 D = Time resting spent in this place.
 E = Time spent auto-exploring this place.
 F = Levels seen in this place.
 G = Mean time per level.
                   A        B        C        D        E       F      G
               +--------+--------+--------+--------+--------+-----+--------+
         Total |    972 |    956 |     16 |      0 |    767 |   2 |  486.0 |
       Dungeon |    972 |    956 |     16 |      0 |    767 |   2 |  486.0 |
               +--------+--------+--------+--------+--------+-----+--------+

Top non-repeatable levels by time:
     D:1: 611 daAuts
     D:2: 360 daAuts
